 Dungeon Crawl Stone Soup version 0.19.0 (webtiles) character file.

505926 AlphabetPasta the Executioner (level 24, -13/222 HPs)
             Began as a Centaur Gladiator on Nov 16, 2016.
             Was the Champion of Okawaru.
             Killed from afar by a starcursed mass (15 damage)
             ... with an accursed screaming
             ... summoned by a glowing orange brain
             ... while paralysed
             ... on level 3 of the Abyss on Nov 18, 2016.
             The game lasted 05:37:07 (70261 turns).

AlphabetPasta the Executioner (Centaur Gladiator)  Turns: 70261, Time: 05:37:07

Health: -13/222    AC: 44    Str: 39    XL:     24   Next: 17%
Magic:  3/34       EV:  1    Int: -1 (6) God:    Okawaru [******]
Gold:   2471       SH:  0    Dex: 18    Spells: 0 memorised, 23 levels left

rFire  + + .     SeeInvis +     l - +5 executioner's axe (protect)
rCold  + + .     Gourm    .     Z - +5 gold dragon scales
rNeg   + + .     Faith    .     (shield currently unavailable)
rPois  +         Spirit   .     u - +3 crown of Dyrovepreva {rElec Int+2 SInv}
rElec  +         Reflect  +     r - +0 cloak of Kulak {+Blink rN+}
rCorr  .         Harm     .     Y - +2 pair of gloves of Inquiry {Dex+4 Slay+3}
MR     +....                    Q - +2 centaur barding {rC+}
Stlth  ..........               g - amulet "Eguffum" {Reflect rPois rF+ Str+5 Int-3 SH+4}
                                U - +6 ring of strength
                                V - ring of positive energy

@: confused, paralysed, afraid, protection aura, very slightly contaminated,
non-regenerating, diseased, slowed, lost intelligence, very quick
A: hooves 3, agile 1, deformed body, speed 2, tough skin 3
a: Heroism, Finesse, Renounce Religion, Evoke Blink
}: 2/15 runes: decaying, serpentine


You were on level 3 of the Abyss.
You worshipped Okawaru.
Okawaru was exalted by your worship.
You were not hungry.

You visited 8 branches of the dungeon, and saw 41 of its levels.
You visited the Abyss 2 times.
You visited 1 bazaar.
You also visited: Ossuary and Ice Cave.

You collected 5881 gold pieces.
You spent 3410 gold pieces at shops.

Inventory:

Hand Weapons
 a - a +2 battleaxe of freezing
 b - a +3 longbow of freezing
 l - a +5 executioner's axe of protection (weapon)
 v - a +0 long sword
 z - the +8 battleaxe of Canyab {flame, *Rage +Fly rElec Dex+2}
   (Okawaru gifted it to you on level 14 of the Dungeon)

   It has been specially enchanted to burn those struck by it, causing extra
   injury to most foes and up to half again as much damage against particularly
   susceptible opponents.
   Big, fiery blades are also staple armaments of hydra-hunters.
   It affects your dexterity (+2).
   It insulates you from electricity.
   It lets you fly.
   It may make you go berserk in combat.
 D - the +7 shortbow of the Tiger {velocity, rElec rC+ rN+++ Int-4}
   (Okawaru gifted it to you on level 3 of the Abyss)

   Any arrow fired from it inflicts extra damage.
   It affects your intelligence (-4).
   It protects you from cold.
   It insulates you from electricity.
   It renders you almost immune to negative energy.
Missiles
 d - 6 throwing nets
 i - 1151 arrows
 t - 43 javelins (quivered)
Armour
 r - the +0 cloak of Kulak (worn) {+Blink rN+}
   (Okawaru gifted it to you on level 3 of the Vaults)

   It protects you from negative energy.
   It lets you blink.
 u - the +3 crown of Dyrovepreva (worn) {rElec Int+2 SInv}
   (You bought it in a shop on level 8 of the Dungeon)

   It affects your intelligence (+2).
   It insulates you from electricity.
   It lets you see invisible.
 Q - a +2 centaur barding of cold resistance (worn)
 Y - the +2 pair of gloves of Inquiry (worn) {Dex+4 Slay+3}
   (You bought it in a shop on level 8 of the Dungeon)

   It affects your dexterity (+4).
   It affects your accuracy and damage with ranged weapons and melee attacks
   (+3).
 Z - +5 gold dragon scales (worn)
Jewellery
 c - the ring "Reinih" {rPois Str+4, unknown}
   (You took it off a spriggan berserker on level 4 of the Depths)

   [ring of poison resistance]

   It affects your strength (+4).
   It protects you from poison.
 g - the amulet "Eguffum" (around neck) {Reflect rPois rF+ Str+5 Int-3 SH+4}
   (You bought it in a shop on level 1 of the Snake Pit)

   [amulet of reflection]

   It shields you and reflects attacks.
   It affects your strength (+5).
   It affects your intelligence (-3).
   It protects you from fire.
   It protects you from poison.
   It affects your SH (+4).
 k - an uncursed ring of protection from fire
 U - a +6 ring of strength (right hand)
 V - a ring of positive energy (left hand)
 X - an uncursed ring of flight
Wands
 e - a wand of teleportation (4/9)
 p - a wand of iceblast (8/15)
 y - a wand of lightning (5/15)
 H - a wand of confusion (27/48)
 K - a wand of flame (12/48)
 L - a wand of digging (4/24)
 N - a wand of acid (6/15)
 O - a wand of heal wounds (4/9)
Scrolls
 j - 3 scrolls of holy word
 o - 6 scrolls of recharging
 s - 8 scrolls of teleportation
 x - 4 scrolls of blinking
 B - a scroll of silence
 E - 22 scrolls of remove curse
 F - 10 scrolls of identify
 S - 5 scrolls of magic mapping
Potions
 m - 4 potions of curing
 n - 3 potions of cancellation
 q - 4 potions of might
 w - 6 potions of cure mutation
 A - a potion of ambrosia
 C - 3 potions of resistance
 G - 7 potions of haste
 I - 4 potions of agility
 J - 3 potions of invisibility
 T - 4 potions of flight
Comestibles
 M - 6 royal jellies
 P - 15 bread rations
 R - 39 fruits


   Skills:
 + Level 19.4 Fighting
 * Level 21.9 Axes
 + Level 21.6 Bows
 - Level 2.1 Throwing
 * Level 12.5 Armour
 - Level 13.0 Dodging
 - Level 7.5 Invocations
 + Level 14.8 Evocations


You had 23 spell levels left.
You didn't know any spells.

Dungeon Overview and Level Annotations

Branches:
Dungeon (15/15)            Temple (1/1) D:7            Lair (6/6) D:9
  Swamp (4/4) Lair:2        Snake (4/4) Lair:3        Slime (0/5) Lair:6
    Orc (2/2) D:10            Elf (0/3) Orc:2        Vaults (4/5) D:13
  Crypt (0/3) Vaults:3     Depths (5/5) D:15            Zot (0/5) Depths:5

Altars:
Ashenzari
Cheibriados
Dithmenos
Elyvilon
Fedhas
Gozag
Hepliaklqana
Kikubaaqudgha
Makhleb
Nemelex Xobeh
Okawaru
Qazlal
Ru
Sif Muna
Trog
Uskayaw
Vehumet
Xom
Yredelemnul
Zin
The Shining One
Beogh
Jiyva
Lugonu

Shops:
D:4 *   D:8 [[=   D:13 }   Orc:1 (   Orc:2 }[=![[[   Snake:1 =}=   Snake:2 =
Snake:3 !   Vaults:3 ::*   Vaults:4 %   Depths:1 :?}}=

Portals:
Hell: Depths:1 Depths:2 Depths:3 Depths:4 Depths:5
Abyss: Depths:3 Depths:4
Pandemonium: Depths:3 Depths:5
Ziggurat: Depths:4


Innate Abilities, Weirdness & Mutations

You have hooves in place of feet.
Armour fits poorly on your strangely shaped body.
You cover ground very quickly.
You have extremely tough skin. (AC +3)
You are agile. (Dex +2)


Message History

* * * LOW HITPOINT WARNING * * *
The raiju barely misses you. The golden eye blinks at you.
You resist with almost no effort.
The golden eye blinks!
The glowing orange brain pulsates.
You feel dopey.
You have lost your intelligence.
Something feeds on your intellect! The ancient zyme hits you.
* * * LOW HITPOINT WARNING * * *
The ancient zyme hits you but does no damage.
The large abomination hits you!
* * * LOW HITPOINT WARNING * * *
A starcursed mass splits.
The raiju bites you but does no damage.
The glowing orange brain pulsates.
You feel dopey. Something feeds on your intellect!
The ancient zyme hits you but does no damage.
The ancient zyme hits you.
* * * LOW HITPOINT WARNING * * *
A deafening chorus of shrieks assaults your mind!
You die...

'#..# §##..
..#§Gz#..## #
##...### . .
X.....§ . #
#...GX###.G
##X#...XX#.##h##
.X.z#.
#XX#..'.@#
#G#.(..G#.##Xx#
# #'#.###G2##
...X.xhh## #
x###.h# # ..
#### # .. # # #


You could see 6 starcursed masses, a green death, 2 glowing orange brains, an
ancient zyme, 2 large abominations, 4 raiju, a small abomination, a flying skull
and 2 golden eyes.

Vanquished Creatures
  Mennas (Depths:3)
  A juggernaut (Depths:3)
  An ancient lich (Abyss:3)
  Bai Suzhen (Depths:1)
  Boris (Vaults:2)
  Saint Roka (Depths:1)
  2 caustic shrikes
  Vashnia (Snake:2)
  4 golden dragons
  Xtahua (Depths:4)
  4 bone dragons
  Jorgrun (D:15)
  A lich (Depths:2)
  2 titans
  A quicksilver dragon (Depths:2)
  A sphinx (shapeshifter) (Depths:3)
  5 sphinxes
  2 Executioners
  A tentacled starspawn (Abyss:4)
  Gastronok (D:12)
  Frances (D:13)
  5 thorn hunters
  3 tengu reavers
  2 shadow dragons (Depths:4)
  3 storm dragons
  Kirke (Swamp:4)
  14 nagarajas
  7 fire giants
  8 frost giants
  Aizul (Snake:1)
  A draconian knight (Depths:5)
  A draconian zealot (Abyss:1)
  An angel (D:12)
  8 vault wardens
  3 cacodemons (Abyss:3)
  2 iron dragons
  11 ironheart preservers
  34 very ugly things
  A deep elf elementalist (Abyss:2)
  2 spriggan defenders (Depths:3)
  A war gargoyle (Vaults:4)
  15 stone giants
  An entropy weaver (Vaults:4)
  2 vampire knights (Depths:5)
  2 black draconians (Depths:5)
  The ghost of PurpleRed the Severer, a journeyman VSFi of Okawaru (Depths:1)
  A lorocyproca (Abyss:2)
  3 deep elf annihilators
  6 spark wasps
  A deep elf demonologist (Depths:4)
  A white draconian (Depths:5)
  A purple draconian (Depths:5)
  A merfolk javelineer (Depths:3)
  Snorg (Lair:5)
  The ghost of Oroborous the Fighter, a journeyman DsMo of Yredelemnul (D:11)
  6 ettins
  5 deep elf death magi
  A minotaur (shapeshifter) (Depths:4)
  Josephine (D:14)
  11 fire dragons
  6 crystal guardians (Depths:1)
  14 yaktaur captains
  7 ogre magi
  14 hydras
  7 ice dragons
  8 great orbs of eyes
  5 spriggan air magi
  14 rakshasas
  4 ghost crabs
  10 naga warriors
  A ghost crab (shapeshifter) (Vaults:3)
  3 vault guards
  12 centaur warriors
  3 catoblepae
  5 death knights
  10 anacondas
  7 alligators
  5 vampire magi
  9 death yaks
  7 deep troll shamans
  5 tengu warriors
  13 deep troll earth magi
  8 spriggan berserkers
  14 naga sharpshooters
  3 thrashing horrors
  2 sun demons
  Sonja (D:13)
  6 shock serpents
  A titan skeleton (Abyss:2)
  3 orc high priests (Orc:2)
  4 deep elf knights
  A salamander mystic (Snake:4)
  A shadow wraith (Vaults:1)
  5 wretched stars
  An iron troll (Depths:5)
  21 deep trolls
  A golden dragon zombie (Depths:4)
  2 spatial maelstroms
  6 wizards
  A death drake (shapeshifter) (Vaults:3)
  2 flayed ghosts
  5 skeletal warriors (D:15)
  4 unseen horrors
  A swamp dragon (shapeshifter) (D:14)
  A gelid demonspawn (Depths:3)
  12 glowing orange brains
  A shambling mangrove (Swamp:4)
  4 spectral hydras (Swamp:4)
  A tengu zombie (Depths:2)
  7 naga ritualists
  3 swamp dragons
  20 orc knights
  Pikel (D:9)
  12 hill giants
  4 harpies (Vaults:3)
  2 lindwurms (Depths:5)
  4 necromancers
  The ghost of JaminCrawler the Cleaver, a novice MiBe of Trog (D:7)
  4 phantasmal warriors
  4 deep elf archers
  10 ironbrand convokers
  A golden dragon skeleton (Depths:4)
  5 mana vipers
  A wolf spider zombie (D:15)
  4 orc sorcerers (Orc:2)
  An orb spider (Abyss:3)
  A shining eye (Abyss:3)
  13 deep elf magi
  50 ugly things
  29 large abominations
  A manticore (D:13)
  2 frost giant zombies
  3 wolf spiders
  A stone giant zombie (Vaults:4)
  A wolf spider (shapeshifter) (Vaults:3)
  A cyclops (shapeshifter) (Depths:4)
  7 cyclopes
  An apocalypse crab (Abyss:4)
  10 salamanders
  3 worldbinders
  2 salamanders (shapeshifter)
  An ice statue (IceCv)
  40 black mambas
  A fire giant zombie (D:15)
  11 elephants
  3 rust devils
  19 naga magi
  16 vault sentinels
  A molten gargoyle (Lair:2)
  A guardian serpent (shapeshifter) (Depths:1)
  A spriggan zombie (Depths:4)
  An eye of devastation (Abyss:3)
  2 orange demons
  9 guardian serpents
  17 spiny frogs
  6 smoke demons
  2 gargoyles (D:14)
  A hellion (Depths:3)
  2 rime drakes
  7 komodo dragons
  A hellwing (Abyss:4)
  3 efreet
  A demonic crawler (Abyss:1)
  7 freezing wraiths
  63 yaktaurs
  2 swamp worm zombies (Swamp:4)
  A jumping spider (D:15)
  2 spriggan skeletons (Depths:2)
  5 tengu conjurers
  7 ancient zymes
  A merfolk (shapeshifter) (Vaults:4)
  The ghost of Killer1 the Slasher, an amateur MiBe of Trog (D:4)
  15 trolls
  2 jumping spiders (shapeshifter)
  19 hornets
  A polar bear (shapeshifter) (Vaults:2)
  17 polar bears
  A queen bee (Lair:1)
  2 tyrant leeches (Swamp:1)
  4 alligator zombies (Swamp:4)
  5 hydra zombies (Swamp:4)
  13 two-headed ogres
  A meliai (shapeshifter) (Vaults:2)
  2 hornets (shapeshifter)
  77 slime creatures
  3 spectral swamp dragons (Swamp:4)
  22 blink frogs
  A dream sheep (shapeshifter) (Vaults:4)
  9 bog bodies
  4 raiju (Abyss:2)
  A hippogriff (shapeshifter) (Depths:2)
  A fire dragon zombie (D:15)
  3 hippogriffs
  2 human simulacra
  6 redbacks
  A centaur simulacrum (D:14)
  2 meliai zombies (D:11)
  3 ynoxinuls (Abyss:2)
  2 ettin skeletons
  4 shadows
  A flying skull (Abyss:3)
  24 spriggans
  9 water elementals
  A black mamba skeleton (Abyss:3)
  2 wyverns
  A yak (shapeshifter) (Vaults:2)
  A vampire (D:14)
  A spriggan (shapeshifter) (D:14)
  8 air elementals
  12 wraiths
  83 yaks
  2 fire bats (Abyss:2)
  A tarantella (D:15)
  A wyvern (shapeshifter) (Vaults:4)
  Grum (D:10)
  4 chaos spawn
  3 basilisks
  4 hungry ghosts
  23 vampire mosquitoes
  A steam dragon (D:14)
  3 spatial vortices (Abyss:2)
  An elf skeleton (Depths:4)
  A yaktaur simulacrum (Vaults:4)
  4 wargs
  71 nagas
  35 insubstantial wisps
  2 mottled dragons
  22 swamp worms
  A soldier ant (Vaults:1)
  21 water moccasins
  A porcupine (shapeshifter) (Vaults:2)
  Duvessa (D:4)
  7 porcupines
  A deep troll skeleton (Vaults:4)
  A tengu skeleton (D:15)
  An eye of draining (Abyss:3)
  6 swamp drakes
  2 sky beasts
  An eye of draining (shapeshifter) (Depths:4)
  41 orc warriors
  2 slaves (D:9)
  7 black bears
  6 ice beasts
  2 black bears (shapeshifter)
  3 swamp dragon zombies
  7 phantoms
  45 wolves
  12 boggarts
  3 necrophages
  34 ogres
  18 small abominations
  A wolf (shapeshifter) (D:14)
  14 crocodiles
  21 centaurs
  A crocodile (shapeshifter) (D:14)
  5 big kobolds
  A gnoll sergeant (D:9)
  A wyvern zombie (D:13)
  31 bullfrogs
  2 water moccasin zombies (Ossuary)
  Dowan (D:4)
  2 wyvern skeletons (D:8)
  4 scorpions
  32 killer bees
  5 electric eels
  4 wights (D:9)
  A vampire bat (Lair:5)
  3 howler monkeys
  13 crimson imps
  5 centaur zombies
  6 quasits
  4 centaur skeletons
  10 hounds
  9 jellies
  28 orc wizards
  21 orc priests
  5 bullfrog skeletons
  5 iron imps
  A spectral swamp drake (Swamp:4)
  Terence (D:3)
  4 iguanas
  8 worker ants
  A killer bee zombie (D:10)
  A big kobold zombie (Ossuary)
  A hound skeleton (D:8)
  3 mummies
  7 gnolls
  21 adders
  8 shadow imps
  3 white imps
  An ufetubus (Abyss:2)
  8 oozes
  11 adder zombies
  An adder skeleton (D:6)
  3 worms
  3 dart slugs
  5 leopard geckos
  119 orcs
  4 giant cockroaches
  3 gnoll zombies (Ossuary)
  4 goblins
  8 hobgoblins
  11 jackals
  25 kobolds
  6 quokkas
  5 ball pythons
  9 bats
  5 frilled lizards
  A goblin zombie (D:5)
  4 hobgoblin zombies (Ossuary)
  A jackal zombie (D:8)
  6 kobold zombies
  8 orc zombies (Ossuary)
  A quokka skeleton (D:4)
  2 quokka zombies (D:8)
  6 rats
  5 fungi
  2 macabre masses (Abyss:3)
  7 plants
  A starspawn tentacle (Abyss:4)
  2 withered plants (D:15)
2268 creatures vanquished.

Vanquished Creatures (others)
  A tengu reaver (Depths:2)
  A naga warrior (Depths:5)
  A yaktaur (Vaults:2)
  A human (Swamp:4)
  2 insubstantial wisps (Swamp:4)
  A slave (D:9)
  4 bushes
  A fire vortex (Depths:1)
  20 fungi
  16 plants
  5 starspawn tentacles
  A withered plant (D:15)
54 creatures vanquished.

Grand Total: 2322 creatures vanquished

Notes
Turn   | Place    | Note
-------+----------+-------------------------------------------
     0 | D:1      | AlphabetPasta the Centaur Gladiator began the quest for the Orb.
     0 | D:1      | Reached XP level 1. HP: 17/17 MP: 1/1
   333 | D:1      | Reached XP level 2. HP: 24/24 MP: 2/2
   892 | D:2      | Reached XP level 3. HP: 19/30 MP: 3/3
  1367 | D:2      | Reached skill level 1 in Bows
  1367 | D:2      | Reached XP level 4. HP: 21/37 MP: 4/4
  1538 | D:2      | Found a white marble altar of Elyvilon.
  1538 | D:2      | Found a shadowy altar of Dithmenos.
  1699 | D:2      | Reached XP level 5. HP: 44/44 MP: 5/5
  2046 | D:3      | Noticed Terence
  2060 | D:3      | Killed Terence
  2060 | D:3      | Reached skill level 1 in Armour
  2542 | D:4      | Found Azoe's General Store.
  2542 | D:4      | Noticed Killer1's ghost (amateur MiBe)
  2569 | D:3      | Reached XP level 6. HP: 15/51 MP: 6/6
  2804 | D:4      | Noticed Duvessa
  2804 | D:4      | Noticed Dowan
  2831 | D:4      | Killed Duvessa
  3088 | D:4      | Killed Dowan
  3318 | D:3      | Reached skill level 5 in Axes
  3653 | D:3      | Reached XP level 7. HP: 38/57 MP: 7/7
  4337 | D:5      | Entered Level 5 of the Dungeon
  4381 | D:5      | Found a blossoming altar of Fedhas.
  4494 | D:5      | Found a sand-covered staircase.
  4568 | Ossuary  | Entered an ossuary
  4790 | Ossuary  | Reached XP level 8. HP: 49/66 MP: 8/8
  5376 | D:5      | Reached skill level 5 in Bows
  6713 | D:6      | Reached skill level 5 in Fighting
  6844 | D:6      | Reached XP level 9. HP: 54/74 MP: 9/9
  7917 | D:7      | Found a staircase to the Ecumenical Temple.
  7928 | Temple   | Entered the Ecumenical Temple
  7935 | Temple   | Became a worshipper of Warmaster Okawaru
  8062 | D:7      | Noticed JaminCrawler's ghost (novice MiBe)
  8143 | D:7      | Killed JaminCrawler's ghost
  8143 | D:7      | Reached skill level 1 in Invocations
  8665 | D:7      | Reached * piety under Okawaru
  8680 | D:7      | You fall through a shaft for 3 floors!
  8680 | D:10     | Entered Level 10 of the Dungeon
  9213 | D:8      | Found Awoll's Armour Emporium.
  9262 | D:8      | HP: 3/75 [orc warrior/long sword (8)]
  9264 | D:8      | Reached XP level 10. HP: 42/84 MP: 11/11
  9468 | D:8      | Found a snail-covered altar of Cheibriados.
  9471 | D:8      | Found Cystrion's Jewellery Emporium.
  9492 | D:8      | Reached ** piety under Okawaru
  9498 | D:8      | Bought a cursed amulet of inaccuracy for 28 gold pieces
  9498 | D:8      | Bought an uncursed ring of see invisible for 210 gold pieces
  9601 | D:4      | Killed Killer1's ghost
  9742 | D:8      | Paralysed by a hornet for 2 turns
  9912 | D:8      | Paralysed by a hornet for 1 turns
  9919 | D:8      | Paralysed by a hornet for 2 turns
 10317 | D:8      | Found Tyrem's Antique Armour Boutique.
 10550 | D:8      | Found a burning altar of Makhleb.
 10862 | D:8      | Found a viscous altar of Jiyva.
 11059 | D:9      | Found an opulent altar of Gozag.
 11669 | D:9      | Noticed Pikel
 11700 | D:9      | Killed Pikel
 11700 | D:9      | Reached *** piety under Okawaru
 12134 | D:9      | Found a bloodstained altar of Trog.
 12168 | D:9      | Received a gift from Okawaru
 12555 | D:9      | Found a staircase to the Lair.
 12646 | D:10     | Reached skill level 5 in Armour
 12651 | D:10     | Noticed a hill giant
 12666 | D:10     | Killed a hill giant
 12671 | D:10     | Reached XP level 11. HP: 27/92 MP: 12/14
 12853 | D:10     | Reached **** piety under Okawaru
 12996 | D:10     | Received a gift from Okawaru
 13028 | D:10     | Reached skill level 5 in Invocations
 13723 | D:10     | Found a staircase to the Orcish Mines.
 13810 | D:11     | Noticed Grum
 14037 | D:10     | Received a gift from Okawaru
 14050 | D:10     | Killed Grum
 14050 | D:10     | Reached skill level 10 in Axes
 14620 | D:11     | Noticed Oroborous's ghost (journeyman DsMo)
 15254 | D:11     | Killed Oroborous's ghost
 15254 | D:11     | Reached skill level 10 in Bows
 15393 | D:11     | Received a gift from Okawaru
 16076 | D:12     | Received a gift from Okawaru
 16862 | D:12     | Reached ***** piety under Okawaru
 17108 | D:12     | Reached XP level 12. HP: 67/103 MP: 16/16
 17476 | D:12     | Received a gift from Okawaru
 17723 | D:12     | Noticed Gastronok
 17752 | D:12     | Killed Gastronok
 17752 | D:12     | Received a gift from Okawaru
 17960 | D:12     | Noticed an angel
 17961 | D:12     | Found a glowing silver altar of Zin.
 17963 | D:12     | Found a runed door.
 18263 | D:8      | Bought a pair of heavily runed gloves for 266 gold pieces
 18268 | D:8      | Identified the +2 pair of gloves of Inquiry {Dex+4 Slay+3} (You bought it in a shop on level 8 of the Dungeon)
 18304 | D:8      | Received a gift from Okawaru
 18405 | Lair:1   | Entered Level 1 of the Lair of Beasts
 18699 | Lair:1   | Received a gift from Okawaru
 18780 | Lair:1   | Reached skill level 5 in Dodging
 19019 | Lair:1   | Noticed a seven-headed hydra
 19027 | Lair:1   | Killed a seven-headed hydra
 19027 | Lair:1   | Received a gift from Okawaru
 19873 | Lair:2   | Received a gift from Okawaru
 20228 | Lair:2   | Reached skill level 1 in Evocations
 20967 | Lair:2   | Found a staircase to the Swamp.
 21375 | Lair:2   | Noticed a five-headed hydra
 21382 | Lair:2   | Killed a five-headed hydra
 21382 | Lair:2   | Received a gift from Okawaru
 21577 | Lair:3   | Noticed a five-headed hydra
 21585 | Lair:3   | Killed a five-headed hydra
 21585 | Lair:3   | Reached XP level 13. HP: 111/111 MP: 18/18
 21942 | Lair:3   | Identified 3 scrolls of acquirement
 22501 | Lair:3   | Found a staircase to the Snake Pit.
 23492 | Lair:4   | Reached skill level 10 in Fighting
 23635 | Lair:4   | Got a warped ring mail
 23646 | Lair:4   | Identified the +9 ring mail of the End {rF+ rCorr Dex-5} (You found it on level 4 of the Lair of Beasts)
 23716 | Lair:4   | Received a gift from Okawaru
 24584 | Lair:5   | Noticed Snorg
 24585 | Lair:5   | Received a gift from Okawaru
 24607 | Lair:5   | Killed Snorg
 25206 | Lair:5   | Received a gift from Okawaru
 25210 | Lair:5   | Got a translucent crystal plate armour {god gift}
 25221 | Lair:5   | Identified the +0 crystal plate armour "Qoveav" {MR- Dex+3 Slay+2} (Okawaru gifted it to you on level 5 of the Lair of Beasts)
 25870 | Lair:5   | Reached XP level 14. HP: 107/124 MP: 19/19
 25981 | Lair:6   | Entered Level 6 of the Lair of Beasts
 26013 | Lair:6   | Found a staircase to the Slime Pits.
 27636 | Lair:6   | Reached skill level 5 in Evocations
 27640 | Lair:6   | Received a gift from Okawaru
 28861 | Orc:1    | Entered Level 1 of the Orcish Mines
 28993 | Orc:1    | Found Birisk's Antique Weapon Shoppe.
 29154 | Orc:1    | Noticed a stone giant
 29172 | Orc:1    | Killed a stone giant
 29464 | Orc:2    | Entered Level 2 of the Orcish Mines
 29513 | Orc:2    | Found Qoor's Antique Armour Shoppe.
 29551 | Orc:2    | Found Lyvuh's Antique Armour Shoppe.
 29627 | Orc:2    | Found a staircase to the Elven Halls.
 29654 | Orc:2    | Found Zadamn's Antique Armour Shoppe.
 29679 | Orc:2    | Found a roughly hewn altar of Beogh.
 29976 | Orc:2    | Reached ****** piety under Okawaru
 29985 | Orc:2    | Found Jiach's Distillery.
 30342 | Orc:2    | Received a gift from Okawaru
 30832 | Orc:2    | Found Quton's Jewellery Emporium.
 30834 | Orc:2    | Found Leyweolu's Armour Shop.
 30834 | Orc:2    | Found Ferezat's Gadget Shop.
 30854 | Orc:2    | Bought a potion of berserk rage for 70 gold pieces
 30854 | Orc:2    | Bought a potion of invisibility for 112 gold pieces
 30881 | Orc:2    | Bought an uncursed ring of poison resistance for 300 gold pieces
 30922 | Orc:2    | Received a gift from Okawaru
 30922 | Orc:2    | Reached XP level 15. HP: 117/134 MP: 20/20
 31179 | D:13     | Found Ohaipime's Gadget Boutique.
 31180 | D:13     | Noticed Frances
 31298 | D:13     | Found a frozen archway.
 31409 | IceCv    | Entered an ice cave
 32135 | IceCv    | Noticed a frost giant
 32173 | IceCv    | Killed a frost giant
 32693 | D:13     | Killed Frances
 33065 | D:13     | Noticed Sonja
 33083 | D:13     | Killed Sonja
 33488 | D:13     | Found a gate to the Vaults.
 33813 | D:14     | Received a gift from Okawaru
 34087 | D:14     | Noticed Josephine
 34107 | D:14     | Killed Josephine
 34522 | D:14     | Received a gift from Okawaru
 34537 | D:14     | Got an encrusted battleaxe {god gift}
 34538 | D:14     | Identified the +8 battleaxe of Canyab {flame, *Rage +Fly rElec Dex+2} (Okawaru gifted it to you on level 14 of the Dungeon)
 34548 | D:14     | Reached skill level 15 in Axes
 34719 | D:14     | Reached skill level 15 in Bows
 34755 | D:14     | Reached skill level 10 in Dodging
 34783 | D:14     | Received a gift from Okawaru
 34789 | D:14     | Reached XP level 16. HP: 58/145 MP: 21/21
 35412 | D:13     | Received a gift from Okawaru
 35864 | D:15     | Entered Level 15 of the Dungeon
 36061 | D:15     | Found a staircase to the Depths.
 36081 | D:15     | Received a gift from Okawaru
 36205 | D:15     | Received a gift from Okawaru
 36537 | D:15     | Found a basalt altar of Yredelemnul.
 37227 | D:8      | Bought the +3 crown of Dyrovepreva {rElec Int+2 SInv} for 1159 gold pieces
 37417 | Swamp:1  | Entered Level 1 of the Swamp
 37660 | Swamp:1  | Received a gift from Okawaru
 38860 | Swamp:2  | Noticed a thorn hunter
 38870 | Swamp:2  | Killed a thorn hunter
 39279 | Swamp:2  | Received a gift from Okawaru
 39528 | Swamp:3  | Noticed a thorn hunter
 39539 | Swamp:3  | Killed a thorn hunter
 39539 | Swamp:3  | Received a gift from Okawaru
 39731 | Swamp:3  | Reached skill level 15 in Fighting
 40069 | Swamp:3  | Received a gift from Okawaru
 40120 | Swamp:3  | Reached XP level 17. HP: 51/156 MP: 21/23
 40716 | Swamp:4  | Entered Level 4 of the Swamp
 40716 | Swamp:4  | Noticed Kirke
 40723 | Swamp:4  | Killed Kirke
 41762 | Swamp:4  | Received a gift from Okawaru
 41894 | Swamp:4  | Received a gift from Okawaru
 42216 | Swamp:4  | Noticed a bone dragon
 42236 | Swamp:4  | Killed a bone dragon
 42236 | Swamp:4  | Received a gift from Okawaru
 42258 | Swamp:4  | Got a decaying rune of Zot
 42538 | Snake:1  | Entered Level 1 of the Snake Pit
 42907 | Snake:1  | Noticed Aizul
 42926 | Snake:1  | Killed Aizul
 42999 | Snake:1  | Found Biowydie's Gadget Emporium.
 43000 | Snake:1  | Found Xerhiof's Jewellery Shop.
 43000 | Snake:1  | Found Ufirchy's Jewellery Shop.
 43010 | Snake:1  | Bought the amulet "Eguffum" {Reflect rPois rF+ Str+5 Int-3 SH+4} for 853 gold pieces
 44087 | Snake:2  | Found Silloufi's Jewellery Shoppe.
 44098 | Snake:2  | Noticed Vashnia
 44116 | Snake:2  | Killed Vashnia
 44133 | Snake:2  | Reached skill level 10 in Evocations
 44164 | Snake:2  | Received a gift from Okawaru
 44697 | Snake:1  | Reached XP level 18. HP: 166/166 MP: 25/25
 44850 | Snake:2  | Received a gift from Okawaru
 45277 | Snake:3  | Found a glowing silver altar of Zin.
 45346 | Snake:3  | Found Loewko's Distillery.
 45972 | Snake:4  | Entered Level 4 of the Snake Pit
 46321 | Snake:4  | Received a gift from Okawaru
 46474 | Snake:4  | Found an opulent altar of Gozag.
 47754 | Snake:4  | Received a gift from Okawaru
 47804 | Snake:4  | Got a serpentine rune of Zot
 48206 | Vaults:1 | Entered Level 1 of the Vaults
 48239 | Vaults:1 | Received a gift from Okawaru
 48399 | Vaults:1 | Received a gift from Okawaru
 48723 | Vaults:1 | Reached XP level 19. HP: 104/174 MP: 9/27
 50573 | Vaults:2 | Received a gift from Okawaru
 50687 | Vaults:2 | Noticed Boris
 50703 | Vaults:2 | Killed Boris
 50752 | Vaults:2 | HP: 7/177 [white very ugly thing (20)]
 51961 | Vaults:2 | Received a gift from Okawaru
 52271 | Vaults:1 | Reached XP level 20. HP: 73/184 MP: 28/28
 52853 | Vaults:3 | Received a gift from Okawaru
 53538 | Vaults:3 | Received a gift from Okawaru
 53549 | Vaults:3 | Found Beoxuruc's Book Emporium.
 54225 | Vaults:3 | Received a gift from Okawaru
 54233 | Vaults:3 | Got a steaming cloak {god gift}
 54244 | Vaults:3 | Identified the +0 cloak of Kulak {+Blink rN+} (Okawaru gifted it to you on level 3 of the Vaults)
 54839 | Vaults:3 | Found a staircase to the Crypt.
 54839 | Vaults:3 | Found a basalt altar of Yredelemnul.
 54840 | Vaults:3 | Found an ancient bone altar of Kikubaaqudgha.
 55070 | Vaults:3 | Found Enen's Book Boutique.
 55509 | Vaults:3 | Found Ablural's Assorted Antiques.
 55516 | Vaults:3 | Bought a translucent cloak for 323 gold pieces
 55516 | Vaults:3 | Bought a scroll labeled COILLU QIKHUT for 34 gold pieces
 55526 | Vaults:3 | Identified the +0 cloak of Agoraphobia {rF+ Int+6} (You bought it in a shop on level 3 of the Vaults)
 55952 | Vaults:4 | Found Ymeaman's Food Shop.
 56875 | Vaults:4 | Received a gift from Okawaru
 56969 | Vaults:4 | Received a gift from Okawaru
 57010 | Vaults:4 | Reached skill level 10 in Armour
 57753 | Depths:1 | Entered Level 1 of the Depths
 57753 | Depths:1 | Found Axibosil's Magic Scroll Emporium.
 57753 | Depths:1 | Noticed Jorgrun
 57757 | Depths:1 | Noticed PurpleRed's ghost (journeyman VSFi)
 57769 | D:15     | Killed Jorgrun
 57769 | D:15     | Reached XP level 21. HP: 188/193 MP: 10/30
 57847 | Depths:1 | Killed PurpleRed's ghost
 57924 | Depths:1 | Noticed Saint Roka
 57934 | Depths:1 | Killed Saint Roka
 58005 | Depths:1 | Noticed Bai Suzhen
 58012 | Depths:1 | Killed Bai Suzhen
 58012 | Depths:1 | Received a gift from Okawaru
 58059 | Depths:1 | Found Quhe's Jewellery Boutique.
 58333 | Depths:1 | Found Lyna's Gadget Emporium.
 58792 | Depths:1 | Received a gift from Okawaru
 58804 | Depths:1 | Found Vacvarut's Book Emporium.
 58839 | Depths:1 | Received a gift from Okawaru
 58986 | Depths:1 | Found Towuolan's Gadget Shop.
 59298 | Depths:1 | Found a gateway to Hell.
 59637 | Depths:2 | HP: 3/194 [yaktaur captain/bolt (31)]
 60431 | Depths:2 | Received a gift from Okawaru
 60854 | Depths:2 | Reached XP level 22. HP: 115/203 MP: 10/31
 62166 | Depths:2 | Identified a -2 rod of shadows (10/10) (You found it on level 2 of the Depths)
 62224 | Depths:3 | Noticed Mennas
 62250 | Depths:3 | Killed Mennas
 62636 | Depths:3 | Found a corrupted altar of Lugonu.
 62638 | Depths:3 | Found a one-way gate to the infinite horrors of the Abyss.
 62838 | Depths:3 | Found a one-way gate leading to the halls of Pandemonium.
 63127 | Depths:3 | Noticed a juggernaut
 63135 | Depths:3 | Killed a juggernaut
 63138 | Depths:3 | Noticed a caustic shrike
 63146 | Depths:3 | Killed a caustic shrike
 63259 | Depths:3 | Noticed a golden dragon
 63259 | Depths:3 | a fire giant changed into a golden dragon
 63263 | Depths:3 | Noticed a caustic shrike
 63263 | Depths:3 | a golden dragon changed into a caustic shrike
 63264 | Depths:3 | a caustic shrike changed into a hellephant
 63274 | Depths:3 | Noticed a golden dragon
 63274 | Depths:3 | a shadow dragon changed into a golden dragon
 63293 | Depths:3 | Got bloodstained ice dragon scales
 63325 | Depths:3 | Identified the cursed +0 ice dragon scales "Utefobyni" {-Tele rF- rC++ rN+ MR+ Dex+7} (You took it off a rakshasa on level 3 of the Depths)
 63638 | Depths:3 | Got a wavering wooden ring
 63639 | Depths:3 | Identified the ring "Guzaumao" {rN+ Dex+4} (You took it off a deep elf annihilator on level 3 of the Depths)
 63671 | Depths:3 | Got a twisted chain mail
 63683 | Depths:3 | Identified the +2 chain mail "Ytziguex" {*Contam rN+ Str+4 Int+4} (You found it on level 3 of the Depths)
 64024 | Depths:4 | Noticed Xtahua
 64033 | Depths:4 | Killed Xtahua
 64441 | Depths:4 | Received a gift from Okawaru
 64611 | Depths:4 | Noticed a golden dragon
 64617 | Depths:4 | Noticed a golden dragon
 64622 | Depths:4 | Killed a golden dragon
 64623 | Depths:4 | Noticed a caustic shrike
 64632 | Depths:4 | Killed a golden dragon
 64638 | Depths:4 | Killed a caustic shrike
 64668 | Depths:4 | Received a gift from Okawaru
 64784 | Depths:4 | Gained mutation: You expend magic power (3 MP) to strengthen your wands. [mutagenic glow]
 64787 | Depths:4 | Lost mutation: You expend magic power (3 MP) to strengthen your wands. [potion of cure mutation]
 64875 | Depths:4 | Noticed a golden dragon
 65212 | Depths:4 | Cast into level 3 of the Abyss (a deep elf demonologist)
 65212 | Abyss:3  | Found a corrupted altar of Lugonu.
 65222 | Abyss:4  | Found a corrupted altar of Lugonu.
 65255 | Abyss:4  | Found a sacrificial altar of Ru.
 65300 | Abyss:4  | Reached XP level 23. HP: 201/211 MP: 33/33
 65359 | Abyss:4  | Received a gift from Okawaru
 65362 | Abyss:4  | Got an ichor-stained centaur barding {god gift}
 65378 | Abyss:4  | Identified the +0 centaur barding of Thoughtfulness {rPois MR+} (Okawaru gifted it to you on level 4 of the Abyss)
 65466 | Depths:4 | Escaped the Abyss
 65796 | Depths:4 | Got a twitching wooden ring
 65797 | Depths:4 | Identified the ring of Teabuk {+Fly rPois rF- rC++ Stlth-} (You took it off a yaktaur captain on level 4 of the Depths)
 66184 | Depths:4 | Found a gateway to a ziggurat.
 66349 | Depths:5 | Entered Level 5 of the Depths
 66382 | Depths:5 | Found a gate to the Realm of Zot.
 66554 | Depths:5 | Found a flickering gateway to a bazaar.
 66570 | Bazaar   | Entered a bazaar
 66572 | Bazaar   | Found Dunuil's Distillery.
 66576 | Bazaar   | Found Lorghad's Weapon Boutique.
 66576 | Bazaar   | Found Miru's Antique Weapon Boutique.
 66577 | Bazaar   | Found Igrowink's Distillery.
 66582 | Bazaar   | Bought a potion of heal wounds for 55 gold pieces
 68435 | Depths:5 | Received a gift from Okawaru
 68611 | Depths:4 | Got a clouded amber ring
 68683 | Depths:4 | Voluntarily entered the Abyss.
 69139 | Abyss:2  | Found a bloodstained altar of Trog.
 70063 | Abyss:3  | Noticed an ancient lich
 70068 | Abyss:3  | Killed an ancient lich
 70068 | Abyss:3  | Received a gift from Okawaru
 70068 | Abyss:3  | Reached XP level 24. HP: 221/221 MP: 33/34
 70074 | Abyss:3  | Got a translucent shortbow {god gift}
 70080 | Abyss:3  | Identified the +7 shortbow of the Tiger {velocity, rElec rC+ rN+++ Int-4} (Okawaru gifted it to you on level 3 of the Abyss)
 70250 | Abyss:3  | Gained mutation: You are agile. (Dex +2) [a shining eye]
 70260 | Abyss:3  | Lost intelligence.
 70261 | Abyss:3  | HP: 5/222 [large abomination (7)]
 70261 | Abyss:3  | HP: 2/222 [ancient zyme[a glowing orange brain] (3)]
 70261 | Abyss:3  | Killed from afar by a starcursed mass

Skill      XL: |  1  2  3  4  5  6  7  8  9 10 11 12 13 14 15 16 17 18 19 20 21 22 23 |
---------------+----------------------------------------------------------------------+-----
Axes           | 3 4 5 6 8 9 10 11 12 14 15 16 17 18 19 20 21 | 21.9
Bows           | 1 2 3 4 6 7 9 10 11 12 13 15 16 17 18 19 20 21 | 21.6
Fighting       | 3 4 5 6 7 8 9 11 12 13 15 16 17 18 19 | 19.4
Armour         | 1 2 3 4 5 6 7 8 9 10 11 12 | 12.5
Dodging        | 3 4 5 7 8 10 11 12 13 | 13.0
Invocations    | 2 4 6 7 |  7.5
Evocations     | 1 4 6 7 9 10 11 12 13 14 | 14.8
Throwing       | |  2.1

Action                   |  1- 3 |  4- 6 |  7- 9 | 10-12 | 13-15 | 16-18 | 19-21 | 22-24 || total
-------------------------+-------+-------+-------+-------+-------+-------+-------+-------++-------
Melee: War axe           |   128 |   191 |   388 |   593 |   742 |       |       |       ||  2042
       Kick              |    18 |    44 |   106 |   196 |   334 |   223 |   290 |   266 ||  1477
       Punch             |       |       |       |     2 |     8 |       |       |       ||    10
       Whip              |       |       |       |       |   104 |    14 |       |       ||   118
       Battleaxe         |       |       |       |       |    89 |   452 |   584 |   215 ||  1340
       Executioner's axe |       |       |       |       |       |   129 |    56 |   280 ||   465
 Fire: Shortbow          |       |       |   140 |   779 |   968 |       |       |       ||  1887
       Longbow           |       |       |       |       |    91 |  1048 |   878 |   754 ||  2771
Throw: Throwing net      |     4 |     1 |       |       |       |       |       |       ||     5
       Javelin           |       |     5 |     5 |     3 |     2 |       |     6 |       ||    21
Invok: Heroism           |       |       |       |    13 |    14 |    14 |    13 |    12 ||    66
       Finesse           |       |       |       |     2 |     6 |     7 |     9 |     5 ||    29
 Abil: Evoke Blink       |       |       |       |       |       |       |       |     1 ||     1
       Evoke Flight      |       |       |       |       |       |       |       |     1 ||     1
Evoke: Wand              |       |       |     1 |     8 |     1 |     2 |     9 |     3 ||    24
  Use: Scroll            |     5 |     8 |     6 |    10 |    10 |     9 |    14 |    15 ||    77
       Potion            |       |     1 |     2 |     2 |     5 |     4 |     3 |     8 ||    25
 Stab: Petrified         |       |       |       |       |     3 |       |       |       ||     3
       Confused          |       |       |       |       |     1 |       |       |       ||     1
       Distracted        |       |       |       |       |       |       |       |     1 ||     1
  Eat: Chunk             |     1 |     7 |     9 |    23 |    26 |    12 |    23 |     8 ||   109
       Meat ration       |       |       |     1 |     1 |     1 |     1 |     1 |     2 ||     7
       Royal jelly       |       |       |     1 |       |       |     9 |     3 |     3 ||    16
       Pizza             |       |       |       |     3 |       |     2 |       |       ||     5
       Beef jerky        |       |       |       |     2 |     4 |       |       |       ||     6
Armor: Scale mail        |    65 |   122 |   188 |   211 |       |       |       |       ||   586
       Chain mail        |       |       |       |    90 |    57 |       |       |    41 ||   188
       Ring mail         |       |       |       |       |   455 |   555 |   427 |    84 ||  1521
       Gold dragon scale |       |       |       |       |       |       |       |   290 ||   290
Dodge: Dodged            |    73 |    89 |   183 |   292 |   440 |   391 |   337 |   290 ||  2095
Block: Other             |       |       |       |       |       |   138 |   100 |    93 ||   331
       Reflection        |       |       |       |       |       |     8 |    14 |     7 ||    29
